 Dungeon Crawl Stone Soup version 0.20.0-4-g10b340a (webtiles) character file.

743 anfisbena the Slasher (level 7, 0/35 HPs)
             Began as a Vine Stalker Fighter on May 27, 2017.
             Slain by an ogre
             ... wielding a +0 giant spiked club
              (7 damage)
             ... on level 4 of the Dungeon.
             The game lasted 00:03:03 (2648 turns).

anfisbena the Slasher (Vine Stalker Fighter)        Turns: 2648, Time: 00:03:03

Health: 0/35       AC:  6    Str: 18    XL:     7   Next: 76%
Magic:  0/8        EV:  7    Int:  8    God:
Gold:   98         SH:  9    Dex: 16    Spells: 6/6 levels left

rFire    . . .     SeeInvis .   a - +0 long sword
rCold    . . .     Gourm    .   c - +0 shield
rNeg     . . .     Faith    .   b - +0 scale mail
rPois    .         Spirit   +   (no helmet)
rElec    .         Reflect  .   (no cloak)
rCorr    .         Harm     .   (no gloves)
MR       .....                  (no boots)
Stlth    ..........             (no amulet)
Regen    0.6/turn               u - ring of loudness (curse)
MPRegen  0.2/turn               (no ring)

@: no status effects
A: fangs 2, regeneration 1, magic shield, antimagic bite, no potion heal 3, rot
immunity
a: no special abilities


You were on level 4 of the Dungeon.
You were not hungry.

You visited 1 branch of the dungeon, and saw 4 of its levels.
You also visited: Ossuary.

You collected 98 gold pieces.

Inventory:

Hand Weapons
 a - a +0 long sword (weapon)
Armour
 b - a +0 scale mail (worn)
 c - a +0 shield (worn)
Jewellery
 u - a cursed ring of loudness (left hand)
Scrolls
 e - 3 scrolls of fear {unknown}
 i - 8 scrolls of identify {unknown}
 o - a scroll of random uselessness {unknown}
 p - 4 scrolls of amnesia {unknown}
 r - a scroll of remove curse {unknown}
 s - a scroll of recharging {unknown}
 v - a scroll of holy word {unknown}
Potions
 d - a potion of might
 g - a potion of berserk rage {unknown}
 h - 3 potions of heal wounds {unknown}
 k - a potion of brilliance {unknown}
 l - 3 potions of flight {unknown}
 m - a potion of mutation {unknown}
 q - 2 potions of ambrosia {unknown}
 t - a potion of cancellation {unknown}
 w - a potion of curing {unknown}
Comestibles
 f - 3 bread rations
 j - a meat ration
 n - 6 fruits
 x - 3 chunks of flesh


   Skills:
 - Level 2.6 Fighting
 + Level 7.8 Long Blades
 - Level 2.4 Armour
 - Level 2.6 Shields


You had 6 spell levels left.
You didn't know any spells.

Dungeon Overview and Level Annotations

Branches:
Dungeon (4/15)
 Temple: D:4-7

Altars:


Innate Abilities, Weirdness & Mutations

You have extremely sharp teeth.
Your natural rate of healing is unusually fast.
When hurt, damage is shared between your health and your magic reserves.
Your bite disrupts and absorbs the magic of your enemies.
Potions cannot restore your health.
You are immune to rotting.


Message History

You swing at nothing.
You swing at nothing.
The ogre barely misses you.
You slash the ogre! Your bite misses the ogre.
The ogre is moderately wounded.
You hit the ogre.
The ogre is heavily wounded.
The ogre hits you with a giant spiked club!
You barely miss the ogre. You bite the ogre. You drain its power.
You feel invigorated.
The ogre is heavily wounded.
The ogre hits you with a giant spiked club.
* * * LOW HITPOINT WARNING * * *
You hit the ogre.
The ogre is severely wounded.
The ogre hits you with a giant spiked club!
* * * LOW HITPOINT WARNING * * *
You hit the ogre. You bite the ogre. You drain its power.
You feel invigorated.
The ogre is almost dead.
The ogre hits you with a giant spiked club!
You die...

.............##
.......?......#
..............# ..
............<.###....
..................#
.....#..###...###.# .
###. ##...#..>.8#####
... #
##..#...###).)#.....
..###..#.#..O@))..#
#.........#.#..........
##........#.#..........
#..........##..........
#..........8##.##8###.#
#..............# ... .
#...........##...####
#.........##.....#
........... .... #


You could see an ogre.

Vanquished Creatures
  4 elf zombies (Ossuary)
  5 centaur zombies (Ossuary)
  3 human zombies (Ossuary)
  2 orc priests
  Jessica (D:2)
  Terence (D:2)
  3 mummies (Ossuary)
  An ooze (D:2)
  A worm (D:2)
  9 orcs
  A giant cockroach (D:1)
  7 goblins
  7 hobgoblins
  4 jackals (D:2)
  A quokka (D:2)
  7 bats
  4 frilled lizards
  A jackal skeleton (D:4)
  11 kobolds
  8 rats
  2 toadstools (D:1)
83 creatures vanquished.

Vanquished Creatures (others)
  2 toadstools (D:1)
2 creatures vanquished.

Grand Total: 85 creatures vanquished

Notes
Turn   | Place    | Note
-------+----------+-------------------------------------------
     0 | D:1      | anfisbena the Vine Stalker Fighter began the quest for the Orb.
     0 | D:1      | Reached XP level 1. HP: 11/11 MP: 2/2
   132 | D:1      | Reached skill level 2 in Long Blades
   217 | D:1      | Reached XP level 2. HP: 16/16 MP: 3/3
   619 | D:2      | Reached skill level 3 in Long Blades
   626 | D:2      | Reached XP level 3. HP: 14/19 MP: 4/4
   967 | D:2      | Noticed Jessica
   969 | D:2      | Killed Jessica
   969 | D:2      | Gained mutation: Your natural rate of healing is unusually fast. [Vine Stalker growth]
   969 | D:2      | Reached XP level 4. HP: 23/23 MP: 5/5
   972 | D:2      | Noticed Terence
   985 | D:2      | Killed Terence
   985 | D:2      | Reached skill level 4 in Long Blades
  1728 | D:3      | Reached XP level 5. HP: 27/27 MP: 6/6
  2205 | D:4      | Found a sand-covered staircase.
  2215 | Ossuary  | Entered an ossuary
  2228 | Ossuary  | Reached skill level 5 in Long Blades
  2251 | Ossuary  | Reached XP level 6. HP: 27/32 MP: 7/7
  2278 | Ossuary  | Reached skill level 6 in Long Blades
  2317 | Ossuary  | Reached XP level 7. HP: 35/35 MP: 8/8
  2342 | Ossuary  | Reached skill level 7 in Long Blades
  2648 | D:4      | Slain by an ogre

Skill      XL: |  1  2  3  4  5  6  7 |
---------------+----------------------+-----
Long Blades    | 2 3 4 5 6 7 |  7.8
Fighting       | |  2.6
Armour         | |  2.4
Shields        | |  2.6

Action                   |  1- 3 |  4- 6 |  7- 9 || total
-------------------------+-------+-------+-------++-------
Melee: Long sword        |    79 |   139 |    98 ||   316
       Bite              |    16 |    61 |    41 ||   118
  Eat: Chunk             |       |     4 |     2 ||     6
Armor: Scale mail        |    28 |    31 |    29 ||    88
Dodge: Dodged            |    23 |    37 |    19 ||    79
Block: Shield            |    43 |    42 |    25 ||   110
       Rpst.: Long sword |     6 |    10 |     8 ||    24
